Map: Ley Lines

Players

鯖鯖

  • Race: Zerg Zerg
  • League: Master
  • Spawn Location: 7:00

电脑难度(新手) - Winner!

  • Race: Zerg Zerg
  • Spawn Location: 1:00

VOD

Have the link to the VOD?

Description

Time

  • Played on: Aug. 6, 2025, 7:13 a.m.
  • Length: 8:02
Show
View Real Time Build Order
Export as new Build Order

鯖鯖 Zerg 

Build Orders: Hatch First 

Get SALT Encoding   

  12  0:00  Drone  
  13  0:08  Drone  
  14  0:14  Drone, Extractor  
  15  0:21  Overlord  
  15  0:39  Drone  
  16  0:45  Hatchery  
  16  0:49  Drone  
  16  0:53  Drone  
  16  0:56  Drone  
  18  1:06  Extractor  
  18  1:11  Spawning Pool  
  16  1:15  Drone  
  16  1:18  Drone  
  18  1:27  Drone  
  19  1:37  Drone  
  20  1:49  Drone  
  21  1:58  Queen x2  
  21  1:59  Zergling x4  
  27  2:11  Overlord  
  27  2:12  Drone  
  28  2:20  Hatchery  
  27  2:25  Drone  
  28  2:31  Drone x2  
  28  2:32  Drone  
  31  2:41  Drone, Overlord  
  32  2:46  Metabolic Boost  
  32  2:51  Queen  
  32  2:55  Drone  
  32  2:57  Drone  
  36  3:02  Overlord  
  37  3:05  Drone x2  
  37  3:07  Drone  
  37  3:09  Drone  
  37  3:11  Drone  
  41  3:13  Drone  
  41  3:15  Drone  
  41  3:17  Drone  
  44  3:22  Drone  
  44  3:26  Overlord  
  45  3:29  Queen  
  45  3:33  Drone  
  48  3:38  Zergling x4  
  48  3:39  Zergling x2  
  51  3:42  Drone x3  
  51  3:43  Drone  
  51  3:47  Queen  
  57  3:49  Drone  
  57  3:55  Drone, Overlord  
  59  3:58  Drone  
  60  4:04  Drone x5  
  65  4:13  Overlord  
  65  4:14  Drone x3  
  65  4:16  Drone  
  69  4:17  Drone  
  69  4:18  Queen  
  69  4:23  Lair  
  72  4:28  Queen  
  74  4:34  Hatchery  
  74  4:37  Drone x2, Overlord  
  75  4:39  Drone x2  
  75  4:41  Drone x2  
  75  4:44  Zergling x4  
  81  4:46  Drone  
  81  4:48  Extractor  
  81  4:49  Overlord  
  81  4:50  Overlord, Extractor  
  80  4:53  Drone x2  
  80  4:54  Extractor  
  80  4:55  Extractor  
  80  4:56  Drone x2  
  82  5:00  Drone, Baneling Nest  
  82  5:01  Drone x2  
  82  5:06  Drone  
  85  5:10  Drone  
  85  5:11  Drone  
  85  5:13  Evolution Chamber  
  86  5:15  Evolution Chamber, Overlord  
  86  5:17  Drone  
  86  5:19  Drone x2  
  88  5:22  Overlord  
  88  5:23  Overlord  
  88  5:26  Drone x4  
  88  5:28  Hydralisk Den  
  91  5:31  Drone x3  
  91  5:35  Drone x2  
  96  5:40  Zerg Melee Weapons Level 1, Zerg Ground Armor Level 1  
  96  5:42  Hatchery  
  95  5:47  Centrifugal Hooks  
  95  5:49  Zergling x10  
  100  5:55  Drone x3  
  103  5:58  Muscular Augments  
  103  5:59  Overlord  
  103  6:00  Hydralisk  
  103  6:02  Zergling x2  
  103  6:03  Zergling x4  
  108  6:09  Hydralisk x3  
  108  6:10  Overlord  
  114  6:14  Hydralisk  
  114  6:15  Hydralisk  
  118  6:19  Hydralisk  
  118  6:21  Overlord x2  
  118  6:25  Zergling x14  
  127  6:31  Zergling x10  
  127  6:32  Overlord  
  132  6:33  Overlord  
  132  6:38  Overlord  
  132  6:39  Hydralisk x3  
  132  6:43  Hydralisk x2  
  142  6:47  Baneling x4  
  142  6:48  Zergling x8  
  142  6:51  Zergling x2  
  142  6:52  Zergling x4  
  149  6:55  Zergling x10  
  149  6:57  Zergling x6  
  157  7:02  Zergling x2, Grooved Spines  
  157  7:06  Zergling x4  
  160  7:09  Baneling x3  
  160  7:11  Zergling x10  
  165  7:17  Drone  
  165  7:18  Infestation Pit  
  165  7:21  Zergling x20  
  165  7:22  Baneling x5  
  175  7:35  Extractor  
  175  7:36  Drone x3  
  177  7:37  Drone x9  
  177  7:43  Overlord  
  186  7:44  Zergling x8  
Show
View Real Time Build Order
Export as new Build Order

电脑难度(新手) Zerg - Winner!

Build Orders: Pool First 

Get SALT Encoding   

  12  0:01  Drone  
  13  0:12  Overlord  
  13  0:16  Drone  
  14  0:35  Spawning Pool  
  13  0:37  Extractor  
  13  0:40  Drone  
  13  0:47  Drone  
  14  0:53  Overlord  
  14  1:23  Queen, Zergling x2  
  17  1:35  Roach Warren  
  17  1:36  Extractor  
  15  1:41  Drone  
  15  1:42  Zergling x2  
  17  1:48  Drone  
  18  2:01  Zergling x2  
  18  2:02  Drone  
  20  2:13  Drone  
  21  2:24  Drone  
  22  2:31  Drone  
  22  2:34  Overlord  
  23  2:38  Drone  
  24  2:45  Drone  
  25  5:52  Zergling x2  
  25  5:53  Drone  
  25  5:54  Lair, Overlord  
  26  6:00  Drone  
  27  6:07  Drone  
  28  6:14  Drone  
  28  6:22  Drone  
  28  6:36  Roach  
  30  6:40  Drone  
  30  6:54  Overseer x2  
  29  7:20  Roach  
  29  7:22  Hatchery  
Tags
 
League
Master
Matchup
ZvZ
Race
Zerg
Spawn Locations
Cross Positions
Add a new tag
Caveats
  • Supply blocks, unpowered buildings, or Contaminate may cause inaccurate times.
  • Supply counts are checked every 10 seconds.